 Dungeon Crawl Stone Soup version bcrawl-1.21.3 (webtiles) character file.

Game seed: 16218250848524173476

231 Freyura the Cudgeler (level 5, -1/47 HPs)
             Began as a Minotaur Fighter on Mar 27, 2020.
             Was a Follower of Makhleb.
             Slain by a sky beast (5 damage)
             ... on level 3 of the Dungeon.
             The game lasted 00:06:24 (1801 turns).

Freyura the Cudgeler (Minotaur Fighter)             Turns: 1801, Time: 00:06:25

Health: -1/47      AC:  7    Str: 20    XL:     5   Next: 73%
Magic:  4/4        EV:  8    Int:  5    God:    Makhleb [*.....]
Gold:   239        SH:  9    Dex: 11    Spells: 4/4 levels left

rFire    . . .     SeeInvis .   a - +0 flail
rCold    . . .     Gourm    .   c - +0 medium shield
rNeg     . . .     Faith    .   b - +0 scale mail
rPois    .         Spirit   .   (helmet restricted)
rElec    .         Reflect  .   (no cloak)
rCorr    .         Harm     .   (no gloves)
MR       .....                  (no boots)
Stlth    ..........             (no amulet)
HPRegen  0.15/turn              (no ring)
MPRegen  0.09/turn              (no ring)

@: no status effects
A: retaliatory headbutt, horns 2
a: Renounce Religion


You were on level 3 of the Dungeon.
You worshipped Makhleb.
Makhleb was aware of your devotion.
You were not hungry.

You visited 1 branch of the dungeon, and saw 3 of its levels.

You collected 239 gold pieces.

Inventory:

Hand Weapons
 a - a +0 flail (weapon)
Armour
 b - a +0 scale mail (worn)
 c - a +0 medium shield (worn)
 l - a +1 large shield
Scrolls
 g - a scroll of remove curse
 i - a scroll of magic mapping
 n - a scroll of identify
 o - a scroll of amnesia
Potions
 d - a potion of might
 h - 2 potions of haste
 j - 6 potions of curing
 p - 2 potions of lignification {unknown}
Comestibles
 e - 4 rations {!d}


   Skills:
 + Level 4.4 Fighting
 * Level 4.6 Maces & Flails
 + Level 4.4 Armour
 + Level 2.2 Dodging
 + Level 4.4 Shields
 + Level 1.1 Invocations


You had 4 spell levels left.
You didn't know any spells.
Your spell library was empty.

Dungeon Overview and Level Annotations

Branches:
Dungeon (3/12)

Altars:
Makhleb


Innate Abilities, Weirdness & Mutations

You reflexively headbutt those who attack you in melee.
You have a pair of horns on your head.


Message History

Reactivating autopickup.
You block the sky beast's attack.
You sock the sky beast!
The sky beast is heavily wounded.
The sky beast hits you but does no damage.
You hit the sky beast but do no damage.
The sky beast is heavily wounded.
You block the sky beast's attack.
You closely miss the sky beast.
The sky beast is heavily wounded.
The sky beast hits you.
* * * LOW HITPOINT WARNING * * *
The sky beast shocks you.
* * * LOW HITPOINT WARNING * * *
Your shield and scale mail prevent you from hitting the sky beast.
The sky beast is heavily wounded.
The sky beast hits you.
* * * LOW HITPOINT WARNING * * *
The sky beast shocks you.
You die...

,,,**********,#.................#
,,,,,,,,,,,...####..............+
,,,,,,,,,,,,....*#..............#
,,,****,*####'#'##......##......)
,,,* *,,,.......#......##.######
,,,* *****#.....#......##.......
,,,* #.....#......##.......
,,,****** #....Y#......###......
,,,,,,,,* #....@'......# #######
,,,,,,,,* #....)########
,,,,,,,,***#.....#***
,,,,,,,,*.........,,*
,,,,,,,,*.........,,*
,,,,,,,,*..........,********
,,,,,,,,*..........,,,,,,,,*
*********...........,,,,,,,*
*,,,,,,,,,,,,,,,,,,*


You could see a sky beast.

Vanquished Creatures
  A centaur (D:3)
  Terence (D:2)
  Jessica (D:3)
  An adder (D:3)
  3 oozes
  4 worms (D:2)
  A dart slug (D:1)
  6 leopard geckos
  An orc (D:3)
  3 giant cockroaches
  4 goblins
  5 hobgoblins
  4 jackals (D:3)
  2 quokkas (D:3)
  A ball python (D:3)
  3 bats
  13 frilled lizards
  6 kobolds
  4 rats
64 creatures vanquished.

Notes
Turn   | Place    | Note
-------+----------+-------------------------------------------
     0 | D:1      | Freyura the Minotaur Fighter began the quest for the Orb.
     0 | D:1      | Reached XP level 1. HP: 19/19 MP: 0/0
   158 | D:1      | Reached XP level 2. HP: 27/27 MP: 1/1
   459 | D:1      | Reached skill level 1 in Dodging
   864 | D:2      | Reached XP level 3. HP: 33/33 MP: 2/2
  1019 | D:2      | Noticed Terence
  1028 | D:2      | Killed Terence
  1028 | D:2      | Reached XP level 4. HP: 31/40 MP: 3/3
  1348 | D:3      | Found a burning altar of Makhleb.
  1361 | D:3      | Became a worshipper of Makhleb the Destroyer
  1496 | D:3      | Noticed Jessica
  1503 | D:3      | Killed Jessica
  1521 | D:3      | Noticed a centaur
  1526 | D:3      | Killed a centaur
  1526 | D:3      | Reached XP level 5. HP: 40/47 MP: 4/4
  1639 | D:3      | Reached skill level 1 in Invocations
  1642 | D:3      | Reached * piety under Makhleb
  1779 | D:3      | Noticed a sky beast
  1801 | D:3      | Slain by a sky beast

Skill      XL: |  1  2  3  4  5 |
---------------+----------------+-----
Maces & Flails | 3 4 |  4.6
Dodging        | 1 2 |  2.2
Armour         | 4 |  4.4
Shields        | 4 |  4.4
Fighting       | 4 |  4.4
Invocations    | 1 |  1.1

Action                   |  1- 3 |  4- 6 || total
-------------------------+-------+-------++-------
Melee: Flail             |    78 |    90 ||   168
       Headbutt          |    17 |     7 ||    24
  Use: Scroll            |       |     9 ||     9
  Eat: Chunk             |       |     3 ||     3
Armor: Scale mail        |    26 |    44 ||    70
Dodge: Dodged            |    27 |    20 ||    47
Block: Medium shield     |    32 |    48 ||    80
